 Dungeon Crawl Stone Soup version 0.25-a0-589-g1e14c54 (webtiles) character file.

Game seed: 15255431358584619207, levelgen mode: deterministic

4712 DrEnzyme the Unseen (level 10, -3/47 HPs)
             Began as a Spriggan Wanderer on Mar 12, 2020.
             Was an Initiate of Gozag.
             Impaled on a porcupine's spines (12 damage)
             ... on level 9 of the Dungeon.
             The game lasted 00:28:19 (13111 turns).

DrEnzyme the Unseen (Spriggan Wanderer)            Turns: 13111, Time: 00:28:20

Health: -3/47      AC:  5    Str: 11    XL:     10   Next: 22%
Magic:  21/21      EV: 27    Int: 14    God:    Gozag
Gold:   339        SH:  0    Dex: 18    Spells: 9/9 levels left

rFire    . . .     SeeInvis +   u - +1 dagger (drain)
rCold    . . .     Gourm    .   (shield restricted)
rNeg     . . .     Faith    .   b - +0 robe
rPois    .         Spirit   .   (helmet restricted)
rElec    .         Reflect  .   c - +2 cloak
rCorr    .         Harm     .   (gloves unavailable)
MR       ++...                  (boots unavailable)
Stlth    ++++++....             z - amulet of rage
HPRegen  0.15/turn              e - ring of protection from magic
MPRegen  0.17/turn              s - ring "Ysho" {MP+9 Dex+2}

@: very quick
A: very small, unfitting armour, see invisible, herbivore, speed 3, slow
metabolism 2
a: Potion Petition, Call Merchant, Bribe Branch, Renounce Religion, Evoke
Berserk Rage


You were on level 9 of the Dungeon.
You worshipped Gozag.
Gozag was aware of your devotion.
You were hungry.

You visited 2 branches of the dungeon, and saw 10 of its levels.

You collected 439 gold pieces.
You paid 100 gold pieces to Gozag.

Inventory:

Hand Weapons
 a - a +2 falchion
 d - a +0 dagger
 u - a +1 dagger of draining (weapon)
 w - a +3 short sword of speed
 H - a +0 rapier
Armour
 b - a +0 robe (worn)
 c - a +2 cloak (worn)
Jewellery
 e - a ring of protection from magic (left hand)
 h - an uncursed ring of flight
 k - an uncursed ring of wizardry
 s - the ring "Ysho" (right hand) {MP+9 Dex+2}
   (You found it on level 6 of the Dungeon)

   [ring of magical power]

   It affects your dexterity (+2).
   It affects your magic capacity (+9).
 z - an amulet of rage (around neck)
Wands
 q - a wand of enslavement (5)
 x - a wand of acid (3)
Scrolls
 g - a scroll of amnesia {unknown}
 i - a scroll of fog {unknown}
 j - 3 scrolls of remove curse
 o - 3 scrolls of magic mapping
 y - a scroll of fear
 B - 2 scrolls of blinking {unknown}
 D - a scroll of summoning {unknown}
 E - a scroll of enchant weapon
 I - a scroll of teleportation
Potions
 l - 2 potions of curing
 m - a potion of lignification
 n - 3 potions of flight
 p - 2 potions of stabbing
 r - a potion of heal wounds
 t - a potion of invisibility {unknown}
 A - 2 potions of brilliance
 C - 2 potions of cancellation
 F - 2 potions of might {unknown}
 G - 2 potions of mutation {unknown}
Comestibles
 f - 12 rations


   Skills:
 - Level 2.4 Fighting
 + Level 8.9 Short Blades
 - Level 1.0(4.2) Long Blades
   Level 1.0 Crossbows
 + Level 10.8 Dodging
 + Level 15.2 Stealth
 - Level 1.3 Evocations


You had 9 spell levels left.
You didn't know any spells.
Your spell library was empty.

Dungeon Overview and Level Annotations

Branches:
Dungeon (9/15)             Temple (1/1) D:7
   Lair: D:8-11         Orc: D:9-12

Altars:
Ashenzari
Cheibriados
Elyvilon
Fedhas
Gozag
Hepliaklqana
Kikubaaqudgha
Makhleb
Nemelex Xobeh
Okawaru
Qazlal
Ru
Sif Muna
Trog
Uskayaw
Vehumet
Wu Jian
Xom
Zin
The Shining One

Annotations:
D:3 1 runed translucent door, Crazy Yiuf
D:4 Menkaure


Innate Abilities, Weirdness & Mutations

You are very small and have problems with some larger weapons.
You are too small for most types of armour.
You have supernaturally acute eyesight. (SInv)
You are a herbivore.
You cover ground extremely quickly.
You need to consume almost no food.


Message History

You hit the porcupine but do no damage.
You sense an unholy aura.
u - a +1 dagger of draining (weapon)
The porcupine closely misses you.
You are struck by the porcupine's spines.
You hit the porcupine but do no damage. You hit the porcupine but do no damage.
You drain the porcupine.
The porcupine is lightly wounded.
The porcupine closely misses you.
You are struck by the porcupine's spines.
You hit the porcupine.
The porcupine is lightly wounded.
The porcupine misses you.
You are struck by the porcupine's spines.
* * * LOW HITPOINT WARNING * * *
You hit the porcupine.
The porcupine is heavily wounded.
You are struck by the porcupine's spines.
You die...
Your body crumbles into a pile of gold.

#.... ..#
######...# #.#
#........#
#.#########
#........#
#..........
#........#
#..r.r.....
#........#
#..#######.
#........# #..# #.
#.....<..######..#
#$
#..>....@r.......#
+.
#####............#
#. #............#
#(. #............#
#..
#...#####.....P.♣
#.. #...#
......P.. ♣..
#...#
#.......♣.....
###.#
#..P.......... #.#
#P..P.P.....P.


You could see a porcupine.

Vanquished Creatures
  A two-headed ogre (D:9)
  2 hornets (D:8)
  A hippogriff (D:7)
  A wyvern (D:8)
  A steam dragon (D:9)
  A water moccasin (D:7)
  A soldier ant (D:8)
  3 porcupines
  An orc warrior (D:8)
  A black bear (D:6)
  A sky beast (D:6)
  An ogre (D:4)
  A wolf (D:9)
  A crocodile (D:9)
  2 big kobolds
  4 bullfrogs
  A water moccasin zombie (D:8)
  3 scorpions
  7 wights (D:8)
  A howler monkey (D:4)
  A crimson imp (D:9)
  2 bullfrog zombies
  2 jellies
  7 orc priests
  2 hounds
  9 orc wizards
  4 iguanas
  7 worker ants
  2 hound skeletons
  4 gnolls (D:6)
  13 adders
  2 shadow imps
  An ooze (D:1)
  An adder skeleton (D:7)
  3 worms
  2 dart slugs
  2 leopard geckos
  29 orcs
  7 bats
  3 giant cockroaches
  7 goblins
  8 hobgoblins
  4 jackals
  15 kobolds
  4 quokkas
  2 frilled lizards
  A giant cockroach zombie (D:6)
  A jackal zombie (D:7)
  A leopard gecko skeleton (D:4)
  2 quokka skeletons
  8 rats
191 creatures vanquished.

Vanquished Creatures (others)
  An orc wizard (D:5)
  A giant cockroach (D:5)
  A plant (D:9)
3 creatures vanquished.

Grand Total: 194 creatures vanquished

Notes
Turn   | Place    | Note
-------+----------+-------------------------------------------
     0 | D:1      | DrEnzyme the Spriggan Wanderer began the quest for the Orb.
     0 | D:1      | DrEnzyme set off with the following items: a +2 falchion, a
                  | +0 robe, a scroll of teleportation, a +0 dagger, a ration
     0 | D:1      | Reached XP level 1. HP: 11/11 MP: 3/3
    61 | D:1      | Reached XP level 2. HP: 16/16 MP: 4/4
   191 | D:1      | Reached skill level 4 in Stealth
   642 | D:2      | Found a shimmering altar of Xom.
   797 | D:2      | Found a faded altar of an unknown god.
   844 | D:2      | Found a sacrificial altar of Ru.
   870 | D:2      | Reached skill level 5 in Stealth
   870 | D:2      | Reached XP level 3. HP: 8/19 MP: 5/5
  1175 | D:2      | Reached XP level 4. HP: 23/23 MP: 6/6
  1564 | D:2      | Reached skill level 5 in Dodging
  2252 | D:3      | Reached skill level 6 in Stealth
  2261 | D:3      | Found a radiant altar of Vehumet.
  2585 | D:3      | Reached XP level 5. HP: 25/27 MP: 7/7
  2601 | D:3      | Found a hide-covered altar of Uskayaw.
  3021 | D:3      | Found a burning altar of Makhleb.
  3041 | D:3      | Reached skill level 7 in Stealth
  3497 | D:3      | Found a runed translucent door.
  3498 | D:3      | Noticed Crazy Yiuf
  3942 | D:4      | Noticed Menkaure
  4142 | D:4      | Reached XP level 6. HP: 31/32 MP: 8/8
  4162 | D:4      | Reached skill level 8 in Stealth
  4785 | D:4      | Found a shimmering blue altar of Sif Muna.
  4823 | D:4      | Reached skill level 9 in Stealth
  5123 | D:4      | Reached XP level 7. HP: 35/35 MP: 9/9
  5224 | D:5      | Entered Level 5 of the Dungeon
  5268 | D:5      | Reached skill level 10 in Stealth
  5962 | D:5      | Reached skill level 1 in Short Blades
  6421 | D:5      | Found a hazy altar of Hepliaklqana.
  6633 | D:5      | Found a bloodstained altar of Trog.
  6971 | D:6      | Found a blossoming altar of Fedhas.
  7111 | D:6      | Reached skill level 11 in Stealth
  7111 | D:6      | Reached XP level 8. HP: 36/39 MP: 10/10
  8732 | D:6      | Found a white marble altar of Elyvilon.
  9170 | D:6      | Got a translucent silver ring
  9467 | D:7      | Noticed a hippogriff
  9474 | D:7      | Killed a hippogriff
  9474 | D:7      | Reached skill level 5 in Short Blades
  9475 | D:7      | Found a staircase to the Ecumenical Temple.
  9509 | Temple   | Entered the Ecumenical Temple
  9585 | Temple   | Identified the ring "Ysho" {MP+9 Dex+2} (You found it on
                  | level 6 of the Dungeon)
  9770 | D:7      | Reached skill level 12 in Stealth
 10059 | D:8      | Reached XP level 9. HP: 43/43 MP: 11/11
 10497 | D:8      | Reached skill level 10 in Dodging
 10497 | D:8      | Reached skill level 13 in Stealth
 11211 | D:8      | Reached skill level 14 in Stealth
 11449 | Temple   | Became a worshipper of Gozag Ym Sagoz the Greedy
 11715 | D:9      | Noticed a two-headed ogre
 11838 | D:9      | Killed a two-headed ogre
 11838 | D:9      | Reached XP level 10. HP: 47/47 MP: 12/12
 12354 | D:9      | Reached skill level 15 in Stealth
 12364 | D:9      | Found a white marble altar of Elyvilon.
 13111 | D:9      | Impaled on a porcupine's spines

Levels and vault maps discovered:
D:1:      tarquinn_simple_flora_water_d, layout_basic
D:2:      layout_loops_cross, xom_teletrap_fun,
          nicolae_ru_great_annihilating_truth, chequers_ecumenical_altar_lobes
D:3:      layout_loops_ring, old_standard_altar, vehumet_crystals,
          makhleb_blood_cavern_becter, uniq_crazy_yiuf_cottage
D:4:      layout_loops_ring, lemuel_crystal_altar, first_ration, serial_shops,
          nicolae_shop_behind_doors, lemuel_tele_altar, uniq_duvessa,
          uniq_eustachio, uniq_pikel, uniq_menkaure
D:5:      layout_cave_pools, lemuel_crystal_altar, lightli_temple_of_fire,
          lemuel_flamethrower_2
D:6:      layout_cave_pods, fedhas_altar_2, minmay_door_square, minivault_27,
          elyvilon_altar_1
D:7:      layout_rooms, minmay_temple_entry_wispy
D:8:      layout_loops_corners, hangedman_pestilent_swarm
D:9:      layout_irregular_city, kennysheep_ying_yang, minmay_lair_entry_grove,
          orc_0_dummy, uniq_erica, uniq_gastronok
Temple:   nicolae_temple_hex_pool

Skill      XL: |  1  2  3  4  5  6  7  8  9 10 |
---------------+-------------------------------+-----
Stealth        | 5 6 7 9 11 12 14 15 | 15.2
Dodging        | 4 5 6 7 8 9 10 | 10.8
Short Blades   | 2 6 8 |  8.9
Fighting       | |  2.4
Long Blades    | |  1.0
Crossbows      | |  1.0
Evocations     | |  1.3

Action                   |  1- 3 |  4- 6 |  7- 9 | 10-12 || total
-------------------------+-------+-------+-------+-------++-------
Melee: Falchion          |    61 |   181 |       |       ||   242
       Dagger            |       |     2 |   303 |     5 ||   310
       Short sword       |       |       |   153 |    58 ||   211
Throw: Dart              |       |    29 |    93 |    19 ||   141
       Throwing net      |       |       |     3 |     1 ||     4
 Abil: Evoke Berserk Rag |       |       |     1 |       ||     1
Evoke: Wand              |       |       |       |     5 ||     5
  Use: Scroll            |     1 |     5 |    11 |       ||    17
       Potion            |     1 |     1 |     4 |       ||     6
 Stab: Sleeping          |     7 |    15 |    30 |     4 ||    56
       Paralysed         |     1 |       |       |       ||     1
       Distracted        |       |       |     2 |     1 ||     3
       Held in net/web   |       |       |       |     1 ||     1
  Eat: Ration            |       |     1 |     3 |     1 ||     5
Armor: Robe              |     2 |    13 |    20 |       ||    35
       Skin              |     1 |       |       |       ||     1
Dodge: Dodged            |    52 |   165 |   314 |    48 ||   579
       Rpst.: Falchion   |    15 |    62 |       |       ||    77

Table legend:
 A = Non-vault XP
 B = Vault XP
 C = Vault XP percentage of total XP
 D = Non-vault monster count
 E = Vault monster count
 F = Vault count percentage of total count
                 A         B        C        D         E       F
            +---------+---------+-------+---------+---------+-------
      Total |    5246 |    1486 |  22.1 |     177 |      14 |   7.3
            +---------+---------+-------+---------+---------+-------
        D:1 |      26 |       0 |   0.0 |      12 |       0 |   0.0
        D:2 |      73 |      45 |  38.1 |      19 |       4 |  17.4
        D:3 |     114 |      40 |  26.0 |      28 |       1 |   3.4
        D:4 |     546 |       0 |   0.0 |      20 |       0 |   0.0
        D:5 |     348 |       0 |   0.0 |      17 |       0 |   0.0
        D:6 |     769 |       0 |   0.0 |      20 |       0 |   0.0
        D:7 |     811 |       0 |   0.0 |      18 |       0 |   0.0
        D:8 |    1363 |    1026 |  42.9 |      35 |       6 |  14.6
        D:9 |    1196 |     375 |  23.9 |       8 |       3 |  27.3
            +---------+---------+-------+---------+---------+-------
